 Dungeon Crawl Stone Soup version 0.13.0-9-gbc74161 (webtiles) character file.

5094 GayManTrain the Grappler (level 10, -2/145 HPs)
             Began as a Troll Berserker on Oct 17, 2013.
             Was a High Priest of Trog.
             Succumbed to a trapdoor spider's poison
             ... on Level 9 of the Dungeon.
             The game lasted 00:25:44 (4961 turns).

GayManTrain the Grappler (Troll Berserker)          Turns: 4961, Time: 00:25:44

HP  -2/145       AC  6     Str 32      XL: 10   Next: 21%
MP   3/3         EV 13     Int  3      God: Trog [*****.]
Gold 418         SH  0     Dex 12      Spells:  0 memorised,  9 levels left

Res.Fire  : . . .   See Invis. : .     - Unarmed
Res.Cold  : . . .   Warding    : .   j - +0 robe (curse)
Life Prot.: . . .   Conserve   : .   (shield restricted)
Res.Poison: .       Res.Corr.  : .   (helmet restricted)
Res.Elec. : .       Clarity    : .   d - +0 cloak
Sust.Abil.: . .     Spirit.Shd : .   (gloves unavailable)
Res.Mut.  : .       Stasis     : .   (boots unavailable)
Res.Rott. : .       Flight     : .   (no amulet)
Gourmand  : +                        (no ring)
                                     r - cursed ring of sustenance

@: berserking (expiring), very poisoned, very quick, somewhat resistant to
hostile enchantments, extremely unstealthy
A: unfitting armour, claws 3, fast metabolism 3, gourmand, regeneration 2,
saprovore 2, tough skin 2, AC +1
a: Burn Spellbooks, Berserk, Trog's Hand, Brothers in Arms, Renounce Religion


You were on level 9 of the Dungeon.
You worshipped Trog.
Trog was extremely pleased with you.
You were not hungry.

You visited 1 branch of the dungeon, and saw 9 of its levels.

You collected 398 gold pieces.

Inventory:

Armour
 d - a +0 cloak (worn)
 j - a cursed +0 robe (worn)
Magical devices
 u - a wand of digging (13) {unknown}
 L - a wand of slowing (5) {unknown}
Comestibles
 a - 5 meat rations
 o - a beef jerky
 s - 3 bread rations
 F - 2 apples
 H - a choko
Scrolls
 b - 3 scrolls of identify
 h - a scroll of enchant weapon I {unknown}
 i - a scroll of curse weapon {unknown}
 m - 2 scrolls of noise {unknown}
 p - 5 scrolls of teleportation {unknown}
 q - 2 scrolls of recharging {unknown}
 t - a scroll of magic mapping {unknown}
 v - 4 scrolls of fog {unknown}
 w - a scroll of blinking {unknown}
 y - a scroll of enchant armour {unknown}
 G - 2 scrolls of remove curse
 I - a scroll of random uselessness {unknown}
Jewellery
 r - a cursed ring of sustenance (left claw)
 x - an uncursed ring of teleportation
 K - an uncursed ring of see invisible {unknown}
Potions
 c - 2 potions of confusion {unknown}
 e - 3 potions of paralysis {unknown}
 f - 9 potions of curing {unknown}
 g - 2 potions of invisibility {unknown}
 k - 2 potions of slowing {unknown}
 l - a potion of restore abilities {unknown}
 n - 3 potions of heal wounds {unknown}
 z - a potion of agility {unknown}
 A - a potion of speed {unknown}
 B - a potion of beneficial mutation {unknown}
 C - a potion of experience {unknown}
 D - a potion of brilliance {unknown}
Books
 E - a book of Conjurations

   Spells                             Type                      Level
   Magic Dart                         Conjuration                  1
   Searing Ray                        Conjuration                  2
   Dazzling Spray                     Conjuration/Hexes            3
   Iskenderun's Mystic Blast          Conjuration                  4
   Iskenderun's Battlesphere          Conjuration/Charms           4
   Fulminant Prism                    Conjuration/Hexes            5
   Trog disapproves of the use of such an item.
 J - a book of Wizardry

   Spells                             Type                      Level
   Summon Elemental                   Summoning                    4
   Agony                              Necromancy                   5
   Force Lance                        Conjuration                  5
   Fireball                           Conjuration/Fire             5
   Haste                              Charms                       6
   Invisibility                       Hexes                        6
   Trog disapproves of the use of such an item.


   Skills:
 + Level 6.2 Fighting
 + Level 8.0 Dodging
 + Level 2.5 Stealth
 + Level 9.6 Unarmed Combat


You had 9 spell levels left.
You didn't know any spells.

Dungeon Overview and Level Annotations

Branches:
Dungeon (9/27)             Temple (0/1) D:4
    Orc: D:6-11        Lair: D:8-13

Altars:
Elyvilon
Makhleb
Nemelex Xobeh
Vehumet

Shops:
D:7 /


Innate Abilities, Weirdness & Mutations

You are too large for most types of armour.
You have claws for hands.
Your metabolism is lightning-fast.
You like to eat raw meat.
You heal very quickly.
You can eat rotten meat.
You are covered in fur (AC +1).
You have very tough skin (AC +2).


Message History

You barely miss the trapdoor spider. You claw the trapdoor spider!
You kill the trapdoor spider!
Trog accepts your kill.
* * * LOW HITPOINT WARNING * * *
You feel sick.
You are too berserk!
You closely miss the adder.
* * * LOW HITPOINT WARNING * * *
You feel sick. The adder barely misses you.
You mangle the adder!!
You kill the adder!
Trog accepts your kill.
* * * LOW HITPOINT WARNING * * *
You feel sick. The vampire mosquito bites you!
* * * LOW HITPOINT WARNING * * *
Quiver which item? (- for none, * to show all) (? for menu, Esc to quit)
Okay, then.
You are too berserk!
You closely miss the vampire mosquito.
You die...

. #......##<### ...
#..#)...#...##
....#######.........#
....#..#..#.........#
##.....#.....###....#
#.....###.....#......
#.[.?...#..#..#....
#.%.....#######....
#)@###..# ..##
#...y..#...... .
##..#.[#?.#..#
.$..#######.... .....
.... ###. ..# . . .


You could see a vampire mosquito.

Vanquished Creatures
  The ghost of Malachi the Basher, an experienced TrHu of Okawaru (D:8)
  A troll (D:6)
  A two-headed ogre (D:9)
  A trapdoor spider (D:9)
  A hill giant zombie (D:8)
  Edmund (D:6)
  Menkaure (D:7)
  3 phantoms
  An ice beast (D:9)
  2 orc warriors
  A sky beast (D:5)
  A yellow wasp (D:8)
  5 ogres
  4 giant frogs
  A gnoll sergeant (D:6)
  10 killer bees (D:8)
  5 crimson imps
  A goliath beetle (D:6)
  3 hounds
  7 orc wizards
  Crazy Yiuf (D:3)
  3 jellies
  2 orc priests (D:7)
  3 scorpions
  An iguana (D:8)
  3 worker ants
  Ijyb (D:4)
  Jessica (D:2)
  A hound skeleton (D:5)
  8 gnolls
  12 adders
  An inept feature mimic (D:6)
  2 worms (D:2)
  An adder skeleton (D:8)
  A giant eyeball (D:5)
  2 giant geckos (D:5)
  17 orcs
  3 giant cockroaches
  7 goblins
  10 hobgoblins
  6 jackals (D:3)
  11 kobolds
  An ooze (D:4)
  A ball python (D:2)
  13 bats
  A giant gecko skeleton (D:6)
  8 giant newts
  A kobold skeleton (D:4)
  8 quokkas
  16 rats
  A fungus (D:3)
198 creatures vanquished.

Vanquished Creatures (others)
  A phantom (D:8)
  An ice beast (D:5)
2 creatures vanquished.

Grand Total: 200 creatures vanquished

Notes
Turn   | Place    | Note
--------------------------------------------------------------
     0 | D:1      | GayManTrain, the Troll Berserker, began the quest for the Orb.
     0 | D:1      | Reached XP level 1. HP: 23/23 MP: 0/0
   262 | D:1      | Reached XP level 2. HP: 31/31 MP: 0/0
   652 | D:2      | Reached XP level 3. HP: 39/39 MP: 1/1
   738 | D:2      | Acquired Trog's second power
   957 | D:2      | Noticed Jessica
   965 | D:2      | Killed Jessica
   965 | D:2      | Reached XP level 4. HP: 34/46 MP: 1/1
  1131 | D:3      | Reached skill level 4 in Unarmed Combat
  1140 | D:3      | Reached XP level 5. HP: 43/53 MP: 1/1
  1342 | D:3      | Found a white marble altar of Elyvilon.
  1712 | D:3      | Noticed Crazy Yiuf
  1722 | D:3      | Killed Crazy Yiuf
  1722 | D:3      | Reached XP level 6. HP: 22/62 MP: 2/2
  1920 | D:4      | Noticed Ijyb
  1921 | D:4      | Found a staircase to the Ecumenical Temple.
  1928 | D:4      | Killed Ijyb
  2088 | D:4      | Found a burning altar of Makhleb.
  2120 | D:4      | Acquired Trog's third power
  2296 | D:4      | Reached skill level 5 in Unarmed Combat
  2362 | D:5      | Entered Level 5 of the Dungeon
  2375 | D:5      | Reached XP level 7. HP: 70/70 MP: 2/2
  2567 | D:5      | Reached skill level 1 in Stealth
  2709 | D:5      | Reached skill level 6 in Unarmed Combat
  3080 | D:6      | Found a staircase to the Ecumenical Temple.
  3101 | D:6      | Found a radiant altar of Vehumet.
  3101 | D:6      | the staircase to the Ecumenical Temple was a mimic.
  3181 | D:6      | Noticed a troll
  3187 | D:6      | Killed a troll
  3187 | D:6      | Reached skill level 5 in Dodging
  3187 | D:6      | Reached XP level 8. HP: 79/79 MP: 2/2
  3381 | D:6      | Noticed Edmund
  3387 | D:6      | Killed Edmund
  3490 | D:6      | Found a sparkling altar of Nemelex Xobeh.
  3503 | D:6      | Reached skill level 7 in Unarmed Combat
  3795 | D:7      | Noticed Menkaure
  3806 | D:7      | Killed Menkaure
  3834 | D:7      | Reached skill level 5 in Fighting
  3894 | D:7      | Reached XP level 9. HP: 41/87 MP: 3/3
  3961 | D:7      | Found Hoxigg's Magical Wand Boutique.
  4007 | D:7      | Reached skill level 8 in Unarmed Combat
  4085 | D:8      | Noticed Malachi's ghost (experienced TrHu)
  4088 | D:8      | Paralysed by a yellow wasp for 2 turns
  4106 | D:8      | Killed Malachi's ghost
  4259 | D:8      | Reached skill level 9 in Unarmed Combat
  4532 | D:8      | Received a gift from Trog
  4710 | D:8      | Reached XP level 10. HP: 40/97 MP: 3/3
  4960 | D:9      | HP: 1/145 [vampire mosquito (7)]
  4961 | D:9      | Succumbed to a trapdoor spider's poison

Action                   |  1- 3 |  4- 6 |  7- 9 | 10-12 || total
-------------------------+-------+-------+-------+-------++-------
Melee: Unarmed           |    98 |   146 |   318 |    44 ||   606
Invok: Trog's Hand       |       |     1 |     5 |     1 ||     7
       Berserk           |       |       |     6 |     2 ||     8
  Use: Scroll            |       |     4 |       |       ||     4
 Stab: Sleeping          |       |       |     1 |       ||     1
       Distracted        |       |       |       |     1 ||     1
